 Dungeon Crawl Stone Soup version 0.30-a0-1161-g0704695555 (webtiles) character file.

Game seed: 639793168616049809

76551 cforsyth the Summoner (level 14, -37/123 (125) HPs)
             Began as a Demigod Summoner on Apr 27, 2023.
             Annihilated by a minotaur
             ... wielding the +10 dark maul {heavy}
              (106 damage)
             ... in a Gauntlet on Apr 28, 2023.
             The game lasted 01:07:44 (30526 turns).

cforsyth the Summoner (Demigod Summoner)           Turns: 30526, Time: 01:07:44

HP:   -37/123 (125) AC: 14    Str:  8 (11) XL:     14   Next: 71%
MP:   11/34         EV: 19    Int: 47 (49) God:
Gold: 1655          SH:  8    Dex: 16 (18) Spells: 22/35 levels left

rFire   + + .        j - +8 dagger of the Depths {drain, *Noise rN++ Str+2 Dex+4}
rCold   + . .        Y - +2 buckler {reflect}
rNeg    + + .        O - +1 ring mail "Sicreh" {Int+6}
rPois   +            B - +2 hat
rElec   +            S - +2 cloak of the Baker {rElec rF+ Int+4}
rCorr   +            R - +0 pair of gloves {Stlth+}
SInv    .            D - +0 pair of boots
Will    +....        e - amulet of the acrobat
Stlth   ++           V - +6 ring of intelligence
HPRegen 0.40/turn    I - +5 ring of evasion
MPRegen 0.24/turn

%: no teleportation, reflection, acrobat
@: resistant, attractive, hasted, lightly drained, very quick
A: high MP 1, forlorn, divine attributes
a: no special abilities


You were in a Gauntlet.
You visited 3 branches of the dungeon, and saw 20 of its levels.
You also visited: Gauntlet.

You collected 2154 gold pieces.
You spent 499 gold pieces at shops.

Inventory:

Hand Weapons
 j - the +8 dagger of the Depths (weapon) {drain, *Noise rN++ Str+2 Dex+4}
   (You found it on level 2 of the Dungeon)

   Str:       It affects your strength (+2).
   Dex:       It affects your dexterity (+4).
   rN:        It greatly protects you from negative energy.
   *Noise:    It may make noises in combat.
 Q - the +8 arbalest of the Tent {penet, rElec Int+5}
   (You found it on level 5 of the Lair of Beasts)

   Int:       It affects your intelligence (+5).
   rElec:     It insulates you from electricity.
Armour
 B - a +2 hat (worn)
 C - the +1 cloak of an ice cave {rPois Int-3 SInv Stlth+}
   (You found it in a Gauntlet)

   Int:       It affects your intelligence (-3).
   rPois:     It protects you from poison.
   SInv:      It lets you see invisible.
   Stlth:     It makes you more stealthy.
 D - a +0 pair of boots (worn)
 O - the +1 ring mail "Sicreh" (worn) {Int+6}
   (You bought it in a shop on level 2 of the Orcish Mines)

   Int:       It affects your intelligence (+6).
 R - a +0 pair of gloves of stealth (worn)
 S - the +2 cloak of the Baker (worn) {rElec rF+ Int+4}
   (You found it on level 1 of the Lair of Beasts)

   Int:       It affects your intelligence (+4).
   rF:        It protects you from fire.
   rElec:     It insulates you from electricity.
 Y - a +2 buckler of reflection (worn)
 Z - the +1 robe of the Lotus Blossom {Will+ Str+5}
   (You bought it in a shop on level 2 of the Orcish Mines)

   Str:       It affects your strength (+5).
   Will:      It increases your willpower.
Jewellery
 c - the amulet of Huhaqiz {Contam Regen+ Dex+2 Slay+2}
   (You found it in a Gauntlet)

   [amulet of regeneration]

   Dex:       It affects your dexterity (+2).
   Slay:      It affects your accuracy & damage with ranged weapons and melee
   (+2).
   Contam:    It causes magical contamination when unequipped.
   Regen:     It increases your rate of health regeneration.
 e - an amulet of the acrobat (around neck)
 h - the ring of Fatigue {Ice rCorr Str+6}
   (You found it in a Gauntlet)

   [ring of ice]

   It enhances your ice magic.
   Str:       It affects your strength (+6).
   rF:        It makes you vulnerable to fire.
   rC:        It protects you from cold.
   rCorr:     It protects you from acid and corrosion.
 I - a +5 ring of evasion (right hand)
 V - a +6 ring of intelligence (left hand)
 W - a ring of ice
Wands
 d - a wand of iceblast (35)
 m - a wand of polymorph (13)
 t - a wand of flame (67)
 K - a wand of acid (5)
 L - a wand of mindburst (8)
Scrolls
 g - 2 scrolls of immolation
 i - 5 scrolls of fear
 o - a scroll of summoning
 p - 9 scrolls of teleportation
 r - a scroll of poison
 s - 5 scrolls of magic mapping
 u - 3 scrolls of blinking
 v - 4 scrolls of amnesia
 w - 3 scrolls of enchant weapon {unknown}
 x - 3 scrolls of enchant armour {unknown}
 y - 2 scrolls of torment
 A - 2 scrolls of brand weapon
 M - 5 scrolls of fog {unknown}
 N - a scroll of acquirement
 T - 2 scrolls of silence {unknown}
 X - 2 scrolls of vulnerability {unknown}
Potions
 a - 2 potions of ambrosia
 b - 2 potions of magic
 f - 8 potions of flight
 k - 3 potions of cancellation
 l - 11 potions of curing
 n - 6 potions of might
 q - a potion of haste
 z - 3 potions of heal wounds
 F - 4 potions of attraction
 G - 3 potions of lignification
 H - 3 potions of brilliance
 J - a potion of degeneration
 U - 2 potions of mutation


   Skills:
 + Level 11.7 Fighting
 - Level 3.0 Armour
 + Level 11.5 Dodging
 - Level 1.7 Stealth
 + Level 8.7 Shields
 - Level 11.3 Spellcasting
 - Level 12.7 Summonings


You had 22 spell levels left.
You knew the following spells:

 Your Spells              Type           Power      Damage    Failure   Level
a - Summon Small Mammal   Summ           100%       N/A       1%          1
b - Call Imp              Summ           100%       N/A       1%          2
c - Call Canine Familiar  Summ           98%        N/A       1%          3
d - Summon Guardian Gole  Hex/Summ       72%        N/A       1%          3
e - Summon Lightning Spi  Summ/Air       72%        N/A       2%          4

Your spell library contained the following spells:

 Spells                   Type           Power      Damage    Failure   Level
 Kiss of Death            Conj/Necr      100%       2d13      3%          1
 Magic Dart               Conj           100%       1d8       3%          1
 Poisonous Vapours        Pois/Air       52%        N/A       6%          2
 Confusing Touch          Hex            26%        N/A       12%         3
 Dazzling Flash           Conj/Hex       52%        N/A       12%         3
 Inner Flame              Hex/Fire       26%        N/A       12%         3
 Mephitic Cloud           Conj/Pois/Air  26%        N/A       12%         3
 Ozocubu's Armour         Ice            26%        N/A       12%         3
 Vhi's Electric Charge    Tloc/Air       52%        N/A       12%         3
 Volatile Blastmotes      Fire/Tloc      52%        2d14      12%         3
 Dispel Undead            Necr           26%        3d13      36%         4
 Iskenderun's Mystic Bla  Conj/Tloc      26%        2d7       36%         4
 Arcjolt                  Conj/Air       13%        1d23      71%         5
 Freezing Cloud           Conj/Ice/Air   13%        6-21      71%         5
 Yara's Violent Unravell  Hex/Tmut       13%        3d7       71%         5
 Plasma Beam              Fire/Air       13%        2x1d26    99%         6
 Starburst                Conj/Fire      13%        6d5       99%         6
 Enfeeble                 Hex            13%        N/A       100%        7
 Ozocubu's Refrigeration  Ice            13%        4d10      100%        7


Dungeon Overview and Level Annotations

Branches:
Dungeon (13/15)            Temple (0/1) D:7            Lair (5/5) D:9
  Swamp (0/4) Lair:2        Snake (0/4) Lair:2        Slime (0/5) Lair:4
    Orc (2/2) D:11            Elf (0/3) Orc:2       Gauntlet (1/1)
 Vaults: D:13-14

Shops:
Orc:2 [*?*

Annotations:
D:3 3 runed translucent doors, hgbash's ghost, amateur GrFE
D:8 1 runed translucent door, greynaab's ghost, novice TrMo
Lair:5 exclusion: obsidian statue Gauntlet 12 transporters, 19 runed translucent doors


Innate Abilities, Weirdness & Mutations

You have an increased reservoir of magic. (+10% MP)
You shall have no god before yourself.
Your divine heritage dramatically boosts your attributes as you level up.


Message History

The minotaur bellows!
You block the minotaur's attack. The minotaur gores you!!
Casting: Call Canine Familiar (safe; 1% risk of failure)
Confirm with . or Enter, or press ? or * to list all spells.
A tiny devil pulls itself out of the air.
The minotaur hits you with the +10 dark maul {heavy}!!!
The minotaur barely misses you.
Your warg barely misses the minotaur.
The minotaur misses you.
The minotaur gores you but does no damage.
Your cerulean imp hits the minotaur but does no damage.
Unknown command.
Unknown command.
You swap places.
The minotaur hits your cerulean imp with the +10 dark maul {heavy}!!!!!
Your cerulean imp dies!
Your cerulean imp disappears in a puff of smoke!
Your guardian golem is destroyed!
Your guardian golem disappears in a puff of smoke!
The minotaur is attracted toward you.
Unknown command.
Unknown command.
You feel much better. You block the minotaur's attack.
The minotaur closely misses you.
Your warg barely misses the minotaur.
You feel yourself speed up.
Your warg barely misses the minotaur.
The minotaur hits you with the +10 dark maul {heavy}!!!
* * * LOW HITPOINT WARNING * * *
The minotaur gores you.
* * * LOW HITPOINT WARNING * * *
You feel much better.
Your warg bites the minotaur!
You feel much better.
The minotaur hits your warg with the +10 dark maul {heavy}!!!!
Your warg dies!
Your warg's corpse disappears in a puff of smoke!
Casting: Call Imp (safe; 1% risk of failure)
Confirm with . or Enter, or press ? or * to list all spells.
A guardian golem appears, shielding your allies.
The minotaur bellows!
The minotaur hits you with the +10 dark maul {heavy}!!!!
Ouch! That really hurt!
You die...

^.#.#.#.....#.#.#x.......X#.#..#.
.Z#.#..).©....#.#XXx[©x?xX#.#..!.
###.###########.###########.#####
.................................
..............§∩≈................
#################################
8# #8##≈...............≈##8# #8#
## ####8..©.©.©.©.©.©..8#### ###
#≈........@.9....§#
###.##.##H##.##.###
#.##.##§##.##.## ...............#
##.##.##.##.##.# #.##.##☼##.##.#
......9§.8....# ##.###'#.##.###
#. #. .#


You could see a minotaur (berserk, ally target), 2 thrashing horrors, 2 small
abominations and a friendly guardian golem (summoned).

Vanquished Creatures
  An orc sorcerer (Orc:2)
  2 elephants (Lair:2)
  A black mamba (Lair:4)
  2 cane toads
  A dire elephant skeleton (Lair:5)
  9 blink frogs
  A wraith (D:13)
  5 yaks
  A basilisk (Lair:1)
  A steam dragon (D:9)
  An orc warrior (Orc:1)
  2 water moccasins (Lair:5)
  An ice beast (D:6)
  A black bear (D:7)
  2 scorpions
  3 bullfrogs
  A howler monkey (D:9)
  2 jellies (Lair:4)
  A centaur skeleton (D:6)
  A hound (D:6)
  A gnoll bouda (D:7)
  2 orc priests
  An iguana (D:5)
  6 orc wizards
  A killer bee zombie (D:6)
  3 adders
  2 gnolls (D:7)
  A worm (D:3)
  A dart slug (D:4)
  19 orcs
  4 endoplasms
  A goblin (D:1)
  A hobgoblin (D:3)
  A jackal (D:2)
  A kobold (D:3)
  A ball python (D:3)
85 creatures vanquished.

Vanquished Creatures (collateral kills)
  Saint Roka (Orc:2)
  Gastronok (Lair:2)
  An orc warlord (Orc:2)
  2 dire elephants (Lair:5)
  Fannar (Lair:3)
  A hydra (Lair:3)
  A catoblepas (Lair:5)
  3 two-headed ogres
  Erica (Lair:1)
  2 boulder beetles (D:12)
  5 death yaks
  2 spectral dire elephants (Lair:5)
  4 orc high priests (Orc:2)
  Amaemon (D:11)
  3 skeletal warriors
  2 bog bodies (Lair:2)
  Pikel (D:8)
  2 necromancers (Lair:5)
  An orc sorcerer (Orc:2)
  3 cyclopes
  9 elephants
  Maurice (D:10)
  An orange demon (D:11)
  2 torpor snails
  A kobold demonologist (D:9)
  An unseen horror (D:12)
  5 cane toads
  5 komodo dragons
  3 rime drakes
  9 trolls
  2 polar bears
  Grinder (D:4)
  A spectral elephant (Gauntlet)
  16 blink frogs
  A vampire (D:11)
  3 wyverns
  4 wraiths
  2 shadows
  Eustachio (D:3)
  A death yak simulacrum (Lair:5)
  28 yaks
  3 steam dragons
  Grum (D:10)
  A small abomination (Gauntlet)
  A swamp worm (Lair:2)
  A spectral cane toad (Lair:5)
  2 wargs (Orc:1)
  A naga (Lair:2)
  An acid dragon (D:9)
  14 water moccasins
  19 orc warriors
  An ice beast (D:7)
  A sky beast (D:7)
  7 ogres
  6 wolves
  An elephant skeleton (Lair:5)
  4 phantoms
  4 centaurs
  4 kobold brigands (D:11)
  8 bullfrogs
  A gnoll sergeant (D:11)
  A wyvern zombie (D:6)
  A water moccasin zombie (D:6)
  3 scorpions
  2 cane toad simulacra (Lair:5)
  3 wights (D:7)
  Dowan (D:5)
  5 killer bees
  An elephant simulacrum (Lair:5)
  6 howler monkeys
  An electric eel (Lair:2)
  A bullfrog skeleton (D:6)
  3 jellies
  2 bullfrog zombies (D:6)
  A gnoll bouda (D:6)
  2 hounds
  26 orc priests
  2 iguanas
  28 orc wizards
  A sleepcap (D:4)
  8 adders
  8 gnolls
  A white imp (D:8)
  An ufetubus (D:3)
  2 worms (D:4)
  A dart slug (D:1)
  53 orcs
  7 bats
  8 endoplasms
  A giant cockroach (D:3)
  5 goblins
  3 hobgoblins
  4 jackals
  5 kobolds
  2 quokkas
  6 ball pythons
  2 frilled lizards (D:1)
  7 rats
430 creatures vanquished.

Vanquished Creatures (others)
  Donald (Orc:2)
  Josephine (Lair:4)
  A hydra (Lair:3)
  A boulder beetle (D:12)
  2 death scarabs (Gauntlet)
  A two-headed ogre (D:12)
  2 death yaks (Lair:3)
  4 skeletal warriors
  A spectral anaconda (Lair:5)
  A spectral hydra (Gauntlet)
  An orc knight (Orc:2)
  A necromancer (Lair:5)
  An ugly thing (D:12)
  A cyclops (D:11)
  4 elephants
  A rime drake (Lair:1)
  A komodo dragon (Lair:1)
  A polar bear (Lair:1)
  2 blink frogs
  A spectral black mamba (Gauntlet)
  2 wraiths (Lair:4)
  10 yaks
  A steam dragon (D:10)
  2 death yak simulacra (Lair:5)
  A warg (Orc:2)
  5 small abominations (Gauntlet)
  A spectral cane toad (Gauntlet)
  2 large abominations (Gauntlet)
  3 swamp worms
  Duvessa (D:5)
  6 orc warriors
  2 gnoll sergeants (D:11)
  A cane toad simulacrum (Lair:5)
  2 orc priests (Orc:2)
  An adder (D:6)
  2 orcs (Orc:2)
  An endoplasm (Lair:4)
  29 fungi
  43 plants
  57 withered plants
201 creatures vanquished.

Grand Total: 716 creatures vanquished

Notes
Turn   | Place    | Note
-------+----------+-------------------------------------------
     0 | D:1      | cforsyth the Demigod Summoner began the quest for the Orb.
     0 | D:1      | Reached XP level 1. HP: 14/14 MP: 5/5
   221 | D:1      | Reached XP level 2. HP: 20/20 MP: 3/7
   224 | D:1      | Learned a level 2 spell: Call Imp
   345 | D:1      | Reached skill level 4 in Summonings
   542 | D:1      | HP: 1/20 [gnoll/+0 whip (6)]
   624 | D:1      | Reached XP level 3. HP: 21/26 MP: 2/9
   628 | D:1      | Learned a level 3 spell: Call Canine Familiar
  1356 | D:2      | Identified the +8 dagger of the Depths {drain, *Noise rN++
                  | Str+2 Dex+4}
  1943 | D:2      | Reached XP level 4. HP: 31/33 MP: 4/11
  2189 | D:3      | Learned a level 3 spell: Summon Guardian Golem
  3024 | D:3      | Reached skill level 5 in Summonings
  3024 | D:3      | Reached XP level 5. HP: 38/38 MP: 8/13
  3254 | D:3      | Found a runed translucent gate.
  3255 | D:3      | Found a runed translucent gate.
  3256 | D:3      | Found a runed translucent gate.
  3257 | D:3      | Noticed hgbash's ghost (amateur GrFE)
  4226 | D:4      | Noticed Grinder
  4256 | D:4      | Killed Grinder
  4257 | D:4      | Reached XP level 6. HP: 45/45 MP: 9/16
  4262 | D:4      | Learned a level 4 spell: Summon Lightning Spire
  4344 | D:4      | Reached skill level 6 in Summonings
  4758 | D:4      | Reached XP level 7. HP: 50/50 MP: 10/17
  4927 | D:5      | Entered Level 5 of the Dungeon
  5009 | D:5      | Reached skill level 5 in Spellcasting
  5328 | D:5      | Reached skill level 7 in Summonings
  5434 | D:5      | Noticed Duvessa
  5434 | D:5      | Noticed Dowan
  5434 | D:5      | Noticed Eustachio
  5447 | D:5      | Killed Dowan
  5674 | D:3      | Killed Eustachio
  5937 | D:5      | Killed Duvessa
  5938 | D:5      | Reached XP level 8. HP: 39/57 MP: 4/21
  6532 | D:6      | Reached skill level 8 in Summonings
  7429 | D:7      | Reached XP level 9. HP: 38/62 MP: 17/24
  7549 | D:7      | Reached skill level 9 in Summonings
  8117 | D:7      | Found a staircase to the Ecumenical Temple.
  8913 | D:8      | Reached skill level 10 in Summonings
  9177 | D:8      | Noticed Pikel
  9185 | D:8      | Killed Pikel
  9186 | D:8      | Reached XP level 10. HP: 69/69 MP: 20/27
  9926 | D:8      | Found a runed translucent door.
  9926 | D:8      | Noticed greynaab's ghost (novice TrMo)
  9927 | D:8      | Noticed a +0 falchion of chaos
 10195 | D:9      | Noticed a skeletal warrior
 10203 | D:9      | Noticed a two-headed ogre
 10204 | D:9      | Noticed a skeletal warrior
 10204 | D:9      | Killed a skeletal warrior
 10205 | D:9      | Reached skill level 11 in Summonings
 10208 | D:9      | Killed a two-headed ogre
 10209 | D:9      | Reached skill level 10 in Spellcasting
 10209 | D:9      | Noticed a skeletal warrior
 10209 | D:9      | Noticed a skeletal warrior
 10221 | D:9      | Killed a skeletal warrior
 10224 | D:9      | Killed a skeletal warrior
 10232 | D:9      | Killed a skeletal warrior
 10755 | D:9      | Found a staircase to the Lair.
 11396 | D:10     | Entered Level 10 of the Dungeon
 11549 | D:10     | Noticed a two-headed ogre
 11553 | D:10     | Reached skill level 12 in Summonings
 11559 | D:10     | Killed a two-headed ogre
 11560 | D:10     | Reached XP level 11. HP: 61/74 MP: 18/30
 11749 | D:10     | Noticed Grum
 11753 | D:10     | Killed Grum
 11816 | D:10     | Noticed Maurice
 11852 | D:10     | Killed Maurice
 11944 | D:10     | Identified the +0 scale mail of Zamynkeu {-Tele rPois
                  | Will++ Stlth-}
 12358 | D:11     | Noticed Amaemon
 12373 | D:11     | Killed Amaemon
 12566 | D:11     | Identified the +2 dagger "Hellblazer" {vamp, Fragile Will+
                  | Str+3 Dex+2}
 13003 | D:11     | Reached skill level 1 in Fighting
 13003 | D:11     | Reached skill level 1 in Armour
 13115 | D:11     | Identified a scroll of acquirement
 13219 | D:11     | Found a staircase to the Orcish Mines.
 13821 | D:12     | Noticed a two-headed ogre
 13829 | D:12     | Killed a two-headed ogre
 14397 | D:12     | Noticed a boulder beetle
 14429 | D:12     | Killed a boulder beetle
 14713 | D:12     | Noticed a boulder beetle
 14731 | D:12     | Noticed a skeletal warrior
 14735 | D:12     | Noticed a skeletal warrior
 14737 | D:12     | Noticed a skeletal warrior
 14740 | D:12     | Killed a skeletal warrior
 14741 | D:12     | Reached skill level 5 in Fighting
 14741 | D:12     | Reached XP level 12. HP: 94/94 MP: 20/32
 14777 | D:12     | Reached skill level 5 in Dodging
 14786 | D:12     | Killed a boulder beetle
 15389 | D:12     | Noticed a boulder beetle
 15433 | D:12     | Killed a boulder beetle
 15709 | Lair:1   | Entered Level 1 of the Lair of Beasts
 16179 | Lair:1   | Noticed Erica
 16193 | Lair:1   | Killed Erica
 16948 | Lair:1   | Identified the +2 cloak of the Baker {rElec rF+ Int+4}
 17435 | Lair:2   | Reached skill level 1 in Shields
 17575 | Lair:2   | Found a staircase to the Snake Pit.
 17576 | Lair:2   | Noticed Gastronok
 17613 | Lair:2   | Killed Gastronok
 18044 | Lair:2   | Reached XP level 13. HP: 74/108 MP: 28/33
 18547 | Lair:2   | Found a staircase to the Swamp.
 19286 | Lair:3   | Noticed Fannar
 19300 | Lair:3   | Killed Fannar
 19829 | Lair:3   | Reached skill level 5 in Shields
 20690 | Lair:4   | Noticed Josephine
 20710 | Lair:4   | Killed Josephine
 20818 | Lair:4   | Found a staircase to the Slime Pits.
 21527 | Lair:5   | Entered Level 5 of the Lair of Beasts
 22285 | Lair:5   | Reached skill level 10 in Fighting
 23336 | Lair:5   | Noticed a dire elephant
 23336 | Lair:5   | Noticed a dire elephant
 23346 | Lair:5   | Reached skill level 10 in Dodging
 23841 | Lair:5   | Reached XP level 14. HP: 122/122 MP: 24/34
 24875 | Lair:5   | Identified the +8 arbalest of the Tent {penet, rElec Int+5}
 24925 | Lair:5   | Found the +6 Majin-Bo {spellvamp, MP+6 Int+6}
 25539 | Orc:1    | Entered Level 1 of the Orcish Mines
 26281 | Orc:2    | Entered Level 2 of the Orcish Mines
 26357 | Orc:2    | Noticed an orc warlord
 27109 | Orc:2    | Killed an orc warlord
 27432 | Orc:2    | Noticed Saint Roka
 27879 | Orc:2    | Killed Saint Roka
 28230 | Orc:2    | Paralysed by an orc sorcerer for 5 turns
 28635 | Orc:2    | Found a staircase to the Elven Halls.
 28805 | Orc:2    | Found Edutisch's General Store.
 28805 | Orc:2    | Found Hiruc's Magic Scroll Shoppe.
 28806 | Orc:2    | Found Bables's Antique Armour Emporium.
 28810 | Orc:2    | Found Esabaw's Assorted Antiques.
 28817 | Orc:2    | Bought a translucent ring mail for 306 gold pieces
 28817 | Orc:2    | Identified the +1 ring mail "Sicreh" {Int+6} (You bought it
                  | in a shop on level 2 of the Orcish Mines)
 28817 | Orc:2    | Bought a sheer robe for 193 gold pieces
 28817 | Orc:2    | Identified the +1 robe of the Lotus Blossom {Will+ Str+5}
                  | (You bought it in a shop on level 2 of the Orcish Mines)
 28861 | Orc:2    | Noticed Donald
 28876 | Orc:2    | Killed Donald
 29498 | D:13     | Found a gate leading to a gauntlet.
 29509 | Gauntlet | Entered a Gauntlet
 29509 | Gauntlet | Found a transporter.
 29523 | Gauntlet | Found a transporter.
 29525 | Gauntlet | Found a transporter.
 29542 | Gauntlet | Found a transporter.
 29559 | Gauntlet | Found a transporter.
 29567 | Gauntlet | Found a transporter.
 29582 | Gauntlet | Found a transporter.
 29599 | Gauntlet | Found the +8 Wrath of Trog {antimagic, *Rage Rampage}
 29601 | Gauntlet | Found a transporter.
 29613 | Gauntlet | Found a transporter.
 29621 | Gauntlet | Found a large runed translucent door.
 29622 | Gauntlet | Found a large runed translucent door.
 29623 | Gauntlet | Found a large runed translucent door.
 29623 | Gauntlet | Found a large runed translucent door.
 29624 | Gauntlet | Found a runed translucent gate.
 29625 | Gauntlet | Found a transporter.
 29625 | Gauntlet | Found a runed translucent gate.
 29626 | Gauntlet | Found a runed translucent gate.
 29627 | Gauntlet | Found a large runed translucent door.
 29627 | Gauntlet | Found a large runed translucent door.
 29628 | Gauntlet | Found a large runed translucent door.
 29629 | Gauntlet | Found a large runed translucent door.
 29637 | Gauntlet | Found a transporter.
 29715 | Gauntlet | Found a transporter.
 29732 | Gauntlet | Found a transporter.
 29751 | Gauntlet | Found a transporter.
 29753 | Gauntlet | Found a transporter.
 29781 | Gauntlet | Found a transporter.
 29783 | Gauntlet | Found a transporter.
 29785 | Gauntlet | Found a transporter.
 29787 | Gauntlet | Found a large runed translucent door.
 29787 | Gauntlet | Found a large runed translucent door.
 29788 | Gauntlet | Found a large runed translucent door.
 29788 | Gauntlet | Found a large runed translucent door.
 30036 | Gauntlet | Identified the ring of Fatigue {Ice rCorr Str+6}
 30073 | Gauntlet | Found a large runed translucent door.
 30073 | Gauntlet | Found a large runed translucent door.
 30073 | Gauntlet | Found a runed translucent door.
 30073 | Gauntlet | Found a runed translucent door.
 30131 | Gauntlet | Identified the +1 cloak of an ice cave {rPois Int-3 SInv
                  | Stlth+}
 30445 | Gauntlet | Identified the amulet of Huhaqiz {Contam Regen+ Dex+2
                  | Slay+2}
 30526 | Gauntlet | Annihilated by a minotaur

Illustrated notes

Levels and vault maps discovered:
D:1:      spicycebolla_arrival_xxxplode, layout_basic
D:2:      layout_basic, basic_altar, minmay_pentomino_u4
D:3:      layout_basic, ebering_ghost_rock_garden, solitary_fountain
D:4:      layout_loops_cross, amcnicky_altar_gilded, fedhas_ov_isle_minmay,
          uniq_grinder
D:5:      layout_rooms, kennysheep_generic_room_13, uniq_eustachio, uniq_duvessa
D:6:      layout_loops_cross, nicolae_overflow_crystal_walls, serial_undead,
          serial_undead_c, serial_undead_d, serial_undead_b, serial_undead_f
D:7:      layout_basic, minmay_temple_entry_offerings, serial_rivers,
          chequers_serial_rivers_small_a, chequers_serial_rivers_small_3,
          chequers_serial_rivers_small_b, chequers_serial_rivers_micro_d,
          grunt_ministairs_15, hangedman_decor_lopped,
          dreamdust_mushroom_princess, minmay_misc_feat_secret_circle
D:8:      layout_loops_ring, lemuel_doored_altar, elyvilon_altar_1,
          ebering_ghost_xom, uniq_pikel
D:9:      layout_loops_cross, jmf_multi_god_temple
D:10:     layout_small_grid, chequers_garden, chequers_arboretum, uniq_grum,
          uniq_maurice
D:11:     layout_basic, kennysheep_orc_monster_closet_entryway,
          cheibrodos_ashenzari_chains, uniq_amaemon
D:12:     layout_long_grid
D:13:     layout_stronghold, gauntlet_entry_generic, uniq_nessos, uniq_sonja,
          uniq_lodul
Lair:1:   layout_regular_city, uniq_erica
Lair:2:   layout_regular_city, nicolae_swamp_entry_splash_gauntlet,
          guppyfry_snake_entry_garden, uniq_gastronok
Lair:3:   layout_layer_cave, infiniplex_staircase_pool_2, uniq_fannar
Lair:4:   layout_loops_ring, nicolae_slime_entry_slimehenge, uniq_josephine
Lair:5:   due_jungle_book, layout_long_grid, lemuel_fruit_tree,
          infiniplex_staircase_pool, grunt_megastairs_5
Orc:1:    layout_caves
Orc:2:    st_orc_mages, layout_caves, uniq_saint_roka, uniq_donald
Gauntlet: gammafunk_gauntlet_one_two_three [gammafunk_gauntlet_arena_spirals,
          gammafunk_gauntlet_arena_arrow_garden,
          gammafunk_gauntlet_arena_corners, gammafunk_gauntlet_arena_grid,
          gammafunk_gauntlet_arena_chambers,
          minmay_gauntlet_arena_make_your_own_arena,
          nicolae_gauntlet_arena_blocks, gammafunk_gauntlet_arena_split_diamond,
          gammafunk_gauntlet_arena_hedges, gauntlet_exit_green]

Skill      XL: |  1  2  3  4  5  6  7  8  9 10 11 12 13 14 |
---------------+-------------------------------------------+-----
Spellcasting   | 2 3 4 6 7 9 10 11 | 11.3
Summonings     | 4 5 6 7 8 10 12 | 12.7
Fighting       | 5 8 10 11 | 11.7
Armour         | 3 |  3.0
Dodging        | 4 8 10 11 | 11.5
Shields        | 2 6 8 |  8.7
Stealth        | |  1.7

Action                     |  1- 3 |  4- 6 |  7- 9 | 10-12 | 13-15 || total
---------------------------+-------+-------+-------+-------+-------++-------
  Melee: Unarmed           |    37 |       |       |       |       ||    37
         Dagger            |     2 |    22 |    53 |    75 |   178 ||   330
         Punch             |       |     1 |     2 |       |       ||     3
   Cast: Summon Small Mamm |    38 |    32 |    60 |    60 |   143 ||   333
         Call Imp          |     3 |    24 |    30 |    36 |    90 ||   183
         Call Canine Famil |    10 |    20 |    32 |    51 |    77 ||   190
         Summon Guardian G |       |     1 |     5 |    73 |   125 ||   204
         Summon Lightning  |       |       |     5 |    59 |    97 ||   161
    Use: Scroll            |       |       |     5 |     9 |     8 ||    22
         Potion            |       |       |       |       |     8 ||     8
   Stab: Sleeping          |     1 |       |       |       |     1 ||     2
         Distracted        |       |     1 |       |     3 |    11 ||    15
 Armour: Robe              |     7 |     2 |    17 |       |       ||    26
         Steam dragon scal |       |       |       |    25 |    48 ||    73
         Ring mail         |       |       |       |       |     3 ||     3
  Dodge: Dodged            |    55 |    40 |   142 |   144 |   301 ||   682
  Block: Buckler           |       |       |       |    24 |   150 ||   174
         Reflection        |       |       |       |       |     5 ||     5

Table legend: (Time is in decaauts)
 A = Elapsed time spent in this place.
 B = Non-inter-level travel time spent in this place.
 C = Inter-level travel time spent in this place.
 D = Time resting spent in this place.
 E = Time spent auto-exploring this place.
 F = Levels seen in this place.
 G = Mean time per level.
                   A        B        C        D        E       F      G
               +--------+--------+--------+--------+--------+-----+--------+
         Total |  30643 |  29407 |   1236 |   5387 |  17778 |  21 | 1459.2 |
       Dungeon |  16429 |  15525 |    904 |   2168 |  10454 |  13 | 1263.8 |
          Lair |   9371 |   9094 |    277 |   1651 |   5729 |   5 | 1874.2 |
  Orcish Mines |   3800 |   3746 |     54 |   1145 |   1593 |   2 | 1900.0 |
      Gauntlet |   1042 |   1042 |      0 |    423 |      2 |   1 | 1042.0 |
               +--------+--------+--------+--------+--------+-----+--------+

Top non-repeatable levels by time:
  Lair:5: 3486 daAuts
     D:3: 2090 daAuts
    D:12: 2044 daAuts
   Orc:2: 1925 daAuts
   Orc:1: 1875 daAuts
  Lair:3: 1748 daAuts
  Lair:2: 1682 daAuts
     D:7: 1599 daAuts
    D:11: 1538 daAuts
     D:9: 1461 daAuts
     D:4: 1310 daAuts
     D:8: 1284 daAuts
  Lair:4: 1231 daAuts
  Lair:1: 1223 daAuts
     D:1: 1187 daAuts
